 Dungeon Crawl Stone Soup version 0.29-a0-360-g8ed1089bbe (webtiles) character file.

Game seed: 4417347542368983029

3518 croobank the Sneak (level 10, -1/74 HPs)
             Began as a Human Enchanter on Apr 28, 2022.
             Was an Initiate of Gozag.
             Slain by an unseen horror (6 damage)
             ... on level 9 of the Dungeon.
             The game lasted 00:35:33 (8074 turns).

croobank the Sneak (Human Enchanter)                Turns: 8074, Time: 00:35:33

Health: -1/74      AC:  7    Str: 15    XL:     10   Next: 29%
Magic:  0/18       EV: 17    Int: 15    God:    Gozag
Gold:   656        SH:  0    Dex: 15    Spells: 11/19 levels left

rFire   + . .      SeeInvis .   l - +2 whip (drain)
rCold   + . .      Faith    .   (no shield)
rNeg    . . .      Spirit   +   k - +3 ring mail
rPois   +          Reflect  .   (no helmet)
rElec   +          Harm     .   (no cloak)
rCorr   +          Rampage  .   r - +2 pair of gloves
Will    .....                   (no boots)
Stlth   +++.......              h - amulet of the Lost Xalams {Spirit Str+3}
HPRegen 0.22/turn               q - ring of resist corrosion
MPRegen 0.16/turn               u - +4 ring of evasion

@: mighty, brilliant, resistant, corroded, gold aura
A: no striking features
a: Renounce Religion, Potion Petition, Call Merchant, Bribe Branch


You were on level 9 of the Dungeon.
You worshipped Gozag.
Gozag was pleased with you.
You visited 2 branches of the dungeon, and saw 10 of its levels.

You collected 1103 gold pieces.
You paid 447 gold pieces to Gozag.

Inventory:

Hand Weapons
 a - a +1 dagger
 f - a +4 short sword of distortion
 l - a +2 whip of draining (weapon)
 s - a +0 dire flail
 y - a +0 war axe
 I - a +1 falchion of draining
Missiles
 d - 2 curare-tipped darts
 m - 5 javelins
 n - 181 stones (quivered)
 p - 9 boomerangs of dispersal
 D - 20 poisoned darts
 E - a throwing net
Armour
 b - a +0 robe
 g - a +0 plate armour
 k - a +3 ring mail (worn)
 r - a +2 pair of gloves (worn)
 x - a +0 leather armour of cold resistance
Jewellery
 e - a +6 ring of dexterity
 h - the amulet of the Lost Xalams (around neck) {Spirit Str+3}
   (You found it on level 4 of the Dungeon)

   [amulet of guardian spirit]

   It causes incoming damage to be divided between your reserves of health and
   magic.
   Str:       It affects your strength (+3).
 i - an amulet of regeneration
 q - a ring of resist corrosion (left hand)
 u - a +4 ring of evasion (right hand)
Wands
 c - a wand of paralysis (3)
 v - a wand of charming (13)
Scrolls
 o - 2 scrolls of fog
 w - 2 scrolls of teleportation
 C - a scroll of immolation
Potions
 j - 4 potions of ambrosia
 t - a potion of resistance
 z - 2 potions of magic
 A - a potion of flight
 G - a potion of might


   Skills:
 + Level 5.3 Fighting
 - Level 3.3 Short Blades
 * Level 5.9 Maces & Flails
 + Level 5.7 Dodging
 + Level 6.7 Stealth
 + Level 5.3 Spellcasting
 + Level 6.1 Hexes


You had 11 spell levels left.
You knew the following spells:

 Your Spells              Type           Power      Damage    Failure   Level
a - Ensorcelled Hibernat  Hex/Ice        38%        N/A       13%         2
b - Confusing Touch       Hex            33%        N/A       8%          3
c - Tukima's Dance        Hex            33%        N/A       8%          3

Your spell library contained the following spells:

 Spells                   Type           Power      Damage    Failure   Level
 Dazzling Flash           Conj/Hex       38%        N/A       26%         3
 Leda's Liquefaction      Hex/Erth       9%         N/A       65%         4
 Ignite Poison            Fire/Tmut/Pois 6%         N/A       67%         3
 Stone Arrow              Conj/Erth      12%        3d7       67%         3
 Yara's Violent Unravell  Hex/Tmut       9%         3d6       94%         5
 Enfeeble                 Hex            16%        N/A       100%        7
 Fire Storm               Conj/Fire      3%         8d1       100%        9


Dungeon Overview and Level Annotations

Branches:
Dungeon (9/15)             Temple (1/1) D:4
   Lair: D:8-11         Orc: D:9-12

Altars:
Ashenzari
Cheibriados
Dithmenos
Elyvilon
Fedhas
Gozag
Hepliaklqana
Kikubaaqudgha
Makhleb
Nemelex Xobeh
Okawaru
Qazlal
Ru
Sif Muna
Trog
Uskayaw
Vehumet
Wu Jian
Xom
Yredelemnul
Zin
The Shining One

Shops:
D:5 [[[[   D:6 *

Annotations:
D:6 2 transporters, siradein's ghost, novice DEFE


Message History

[a] - 396 gold - resistance, might and brilliance [b] - 192 gold - might and brilliance [c] - 336 gold - haste and brilliance Purchase which effect?
You no longer have enough gold to fund merchants seeking to open stores in the dungeon.
You feel protected.
You feel mightier all of a sudden.
You feel clever all of a sudden. Something hits you but does no damage.
Deactivating autopickup; reactivate with Ctrl-A.
The acid dragon spits acid at you. The splash of acid misses you.
The water moccasin bites you but does no damage.
The two-headed ogre hits you with a +0 giant club.
* * * LOW HITPOINT WARNING * * *
The two-headed ogre barely misses you.
You hear an angry buzzing noise. x2
Okay, then.
The water moccasin completely misses you.
The water moccasin bites you but does no damage.
The water moccasin attacks as you move away!
The water moccasin barely misses you. Something barely misses you.
You feel better. The water moccasin barely misses you.
The acid dragon closely misses you. The acid dragon completely misses you.
The acid dragon spits acid at you. The splash of acid hits you! You resist.
* * * LOW HITPOINT WARNING * * *
The acid corrodes you!
The water moccasin is distracted by your dazzling golden aura.
A centaur warrior comes into view.
You hear an angry buzzing noise.
Okay, then.
The two-headed ogre attacks as you move away!
The two-headed ogre barely misses you. The two-headed ogre closely misses you.
The centaur warrior is distracted by your dazzling golden aura.
The two-headed ogre is distracted by your dazzling golden aura.
The water moccasin is no longer distracted by gold.
The two-headed ogre is no longer distracted by gold.
Something hits you!
You die...
Your body crumbles into a pile of gold.

#..#...####.....
..##...............
#.>.................
..................
#.###.#.#S.#D##.##.# .
...#.#..O.......#
##.........##....
#..#.#.##.# # .....#.##@#
..#.#.##.# ..
y...........#..... ..
≈...#.......####.##.####.
........................
≈≈..#..#............#.#
......................#
...................#####
≈..##..........).........


You could see a two-headed ogre (unaware), a water moccasin and an acid dragon
(catching breath, very drained).

Vanquished Creatures
  A two-headed ogre (D:8)
  A deep elf pyromancer (D:8)
  A steam dragon (D:7)
  A water moccasin (D:7)
  2 orc warriors (D:7)
  A black bear (D:5)
  A sky beast (D:8)
  An ogre (D:4)
  3 centaurs
  3 kobold brigands
  A bullfrog (D:8)
  2 necrophages (D:6)
  2 scorpions
  A hound (D:5)
  6 orc priests
  4 jellies
  3 gnoll shamans
  7 iguanas
  3 orc wizards
  22 gnolls
  5 adders
  A white imp (D:6)
  An ufetubus (D:4)
  3 dart slugs
  30 orcs
  6 endoplasms
  3 giant cockroaches
  A goblin (D:2)
  5 hobgoblins
  2 jackals (D:4)
  4 ball pythons
  3 bats
  2 frilled lizards (D:1)
  18 kobolds
  4 rats
154 creatures vanquished.

Vanquished Creatures (collateral kills)
  A hobgoblin (D:2)
1 creature vanquished.

Grand Total: 155 creatures vanquished

Notes
Turn   | Place    | Note
-------+----------+-------------------------------------------
     0 | D:1      | croobank the Human Enchanter began the quest for the Orb.
     0 | D:1      | Reached XP level 1. HP: 13/13 MP: 3/3
   501 | D:1      | Reached XP level 2. HP: 18/19 MP: 5/5
   832 | D:1      | Learned a level 2 spell: Ensorcelled Hibernation
  1061 | D:1      | Reached XP level 3. HP: 16/24 MP: 6/6
  1710 | D:2      | Found a faded altar of an unknown god.
  3019 | D:4      | Noticed an ogre
  3029 | D:4      | Killed an ogre
  3030 | D:4      | Reached skill level 1 in Fighting
  3030 | D:4      | Reached XP level 4. HP: 32/32 MP: 4/8
  3030 | D:4      | Reached XP level 5. HP: 37/37 MP: 4/9
  3271 | D:4      | Found an ornate altar of the Wu Jian Council.
  3442 | D:4      | Found a staircase to the Ecumenical Temple.
  3456 | Temple   | Entered the Ecumenical Temple
  3652 | Temple   | Became a worshipper of Gozag Ym Sagoz the Greedy
  4022 | D:4      | Reached XP level 6. HP: 17/43 MP: 10/10
  4345 | D:4      | Identified the amulet of the Lost Xalams {Spirit Str+3}
  4535 | D:5      | Entered Level 5 of the Dungeon
  4544 | D:5      | Noticed a black bear
  4563 | D:5      | Killed a black bear
  4596 | D:5      | Learned a level 3 spell: Confusing Touch
  4640 | D:4      | Reached XP level 7. HP: 8/51 MP: 0/11
  4919 | D:5      | Found Ageseve's Antique Armour Shop.
  4919 | D:5      | Found Johioklo's Antique Armour Shop.
  4920 | D:5      | Found Ypecees's Armour Shop.
  4925 | D:5      | Found Cacvobli's Armour Shop.
  5133 | D:4      | Reached XP level 8. HP: 47/58 MP: 13/13
  5455 | D:6      | Reached skill level 1 in Maces & Flails
  5495 | D:6      | Reached skill level 5 in Stealth
  5852 | D:6      | Noticed siradein's ghost (novice DEFE)
  5854 | D:6      | Found a transporter.
  5872 | D:6      | Found a transporter.
  5894 | D:6      | Noticed a queen bee
  5978 | D:6      | Found Hosepp's Profane Products.
  6314 | D:7      | Reached skill level 5 in Hexes
  6319 | D:7      | Reached XP level 9. HP: 61/65 MP: 15/15
  6752 | D:7      | Found a glowing silver altar of Zin.
  7032 | D:7      | Reached skill level 5 in Dodging
  7258 | D:7      | Learned a level 3 spell: Tukima's Dance
  7469 | D:8      | Got Fiduag's Almanac of Ashen Fire
  7473 | D:8      | Noticed a deep elf pyromancer
  7514 | D:8      | Noticed a two-headed ogre
  7833 | D:8      | You fall into a shaft and drop 1 floor!
  7886 | D:8      | Killed a two-headed ogre
  7887 | D:8      | Reached skill level 5 in Fighting
  7887 | D:8      | Reached skill level 5 in Maces & Flails
  7887 | D:8      | Reached skill level 5 in Spellcasting
  7887 | D:8      | Reached XP level 10. HP: 74/74 MP: 17/17
  7943 | D:8      | Killed a deep elf pyromancer
  8015 | D:8      | Noticed a manticore
  8055 | D:8      | Noticed a two-headed ogre
  8066 | D:9      | HP: 3/74 [two-headed ogre/+0 giant club (1)]
  8070 | D:9      | Noticed a centaur warrior
  8074 | D:9      | Slain by an unseen horror

Illustrated notes

Levels and vault maps discovered:
D:1:      dpeg_arrival_fog, layout_loops_ring
D:2:      layout_loops_cross, ebering_ecumenical_altar_mist
D:3:      layout_loops_cross
D:4:      layout_loops_corners, mainiacjoe_overflow_brackets,
          minmay_temple_entry_junction, minmay_misc_feat_iff
D:5:      layout_rooms, minmay_shop_grid_forest
D:6:      layout_rooms, gammafunk_ghost_hive, chequers_serial_rivers_room_b,
          minmay_misc_feat_alley, nicolae_evil_shop
D:7:      layout_basic, lemuel_coloured_pillars_altar
D:8:      layout_rooms, minmay_manual_moon, uniq_maggie
D:9:      layout_basic, erik_lair_island, david_orc_5, minmay_misc_feat_hallway
Temple:   mainiacjoe_temple_big_plus

Skill      XL: |  1  2  3  4  5  6  7  8  9 10 |
---------------+-------------------------------+-----
Fighting       | 1 2 3 5 |  5.3
Short Blades   | 2 3 |  3.3
Spellcasting   | 3 4 5 |  5.3
Dodging        | 3 4 5 |  5.7
Stealth        | 4 5 6 |  6.7
Hexes          | 4 5 6 |  6.1
Maces & Flails | 3 5 |  5.9

Action                   |  1- 3 |  4- 6 |  7- 9 | 10-12 || total
-------------------------+-------+-------+-------+-------++-------
Melee: Dagger            |    71 |       |       |       ||    71
       Hand axe          |    28 |       |       |       ||    28
       Whip              |    19 |   116 |   519 |    47 ||   701
       Punch             |     1 |     3 |     8 |     1 ||    13
Throw: Stone             |       |     2 |       |       ||     2
 Cast: Ensorcelled Hiber |     3 |     5 |     3 |       ||    11
       Confusing Touch   |       |     1 |       |       ||     1
Invok: Potion Petition   |       |       |       |     1 ||     1
Evoke: Wand              |       |       |     7 |     1 ||     8
  Use: Scroll            |    10 |       |    12 |     1 ||    23
       Potion            |     2 |     5 |       |     3 ||    10
 Stab: Sleeping          |    13 |       |     5 |       ||    18
       Invisible         |       |     6 |       |       ||     6
       Held in net/web   |       |     1 |       |       ||     1
       Distracted        |       |       |     1 |       ||     1
       Paralysed         |       |       |    11 |       ||    11
Armor: Robe              |    23 |    15 |    12 |       ||    50
       Ring mail         |       |    16 |   129 |    32 ||   177
       Skin              |       |     8 |       |       ||     8
Dodge: Dodged            |    55 |   131 |   438 |    70 ||   694

Table legend: (Time is in decaauts)
 A = Elapsed time spent in this place.
 B = Non-inter-level travel time spent in this place.
 C = Inter-level travel time spent in this place.
 D = Time resting spent in this place.
 E = Time spent auto-exploring this place.
 F = Levels seen in this place.
 G = Mean time per level.
                   A        B        C        D        E       F      G
               +--------+--------+--------+--------+--------+-----+--------+
         Total |   8105 |   7861 |    244 |    783 |   4734 |  10 |  810.5 |
       Dungeon |   7683 |   7465 |    218 |    783 |   4356 |   9 |  853.7 |
        Temple |    421 |    395 |     26 |      0 |    378 |   1 |  421.0 |
               +--------+--------+--------+--------+--------+-----+--------+

Top non-repeatable levels by time:
     D:4: 1496 daAuts
     D:7: 1374 daAuts
     D:1: 1227 daAuts
     D:2: 1001 daAuts
     D:6: 702 daAuts
     D:3: 648 daAuts
     D:5: 593 daAuts
  Temple: 421 daAuts
     D:8: 366 daAuts
     D:9: 273 daAuts
